 Dungeon Crawl Stone Soup version 0.24.0-123-gd5b16e6ec5 (webtiles) character file.

Game seed: 3589669835135553638, levelgen mode: deterministic

249 FishyPogo the Skirmisher (level 5, -2/43 HPs)
             Began as a Demonspawn Chaos Knight on Jan 24, 2020.
             Was a Plaything of Xom.
             Slain by a hobgoblin
             ... wielding a +0 club
             ... led by Robin
              (3 damage)
             ... on level 4 of the Dungeon.
             The game lasted 00:06:49 (2905 turns).

FishyPogo the Skirmisher (Demonspawn Chaos Knight)  Turns: 2905, Time: 00:06:49

Health: -2/43      AC:  6    Str: 13      XL:     5   Next: 86%
Magic:  5/5        EV:  6    Int: 11      God:    Xom [.*....]
Gold:   324        SH:  0    Dex: 10 (11) Spells: 4/4 levels left

rFire    . . .     SeeInvis .   f - +0 mace (curse)
rCold    . . .     Gourm    .   (no shield)
rNeg     . . .     Faith    .   b - +2 leather armour
rPois    .         Spirit   .   (helmet restricted)
rElec    .         Reflect  .   l - +0 cloak (curse)
rCorr    .         Harm     .   (no gloves)
MR       .....                  i - +0 pair of boots
Stlth    +.........             (no amulet)
HPRegen  0.14/turn              h - -5 ring of evasion (curse)
MPRegen  0.09/turn              (no ring)

@: lethally poisoned (-2 -> -36)
A: horns 2, clumsy 1, deformed body, dopey 1, powered by death 1
a: Renounce Religion


You were on level 4 of the Dungeon.
You worshipped Xom.
You were a plaything of Xom.
You were hungry.

You visited 1 branch of the dungeon, and saw 4 of its levels.

You collected 324 gold pieces.

Inventory:

Hand Weapons
 a - a +0 hand axe of chaos
 f - a cursed +0 mace (weapon)
Missiles
 g - 114 stones (quivered)
 k - 8 poisoned darts
Armour
 b - a +2 leather armour (worn)
 e - a +1 helmet of see invisible
 i - a +0 pair of boots (worn)
 l - a cursed +0 cloak (worn)
Jewellery
 h - a cursed -5 ring of evasion (left hand)
Scrolls
 j - a scroll of teleportation
Comestibles
 c - 6 rations


   Skills:
 + Level 4.4 Fighting
 + Level 4.3(4.4) Axes
 + Level 0.4(2.7) Maces & Flails
 + Level 2.3 Armour
 + Level 1.8 Dodging
 + Level 0.9 Stealth


You had 4 spell levels left.
You didn't know any spells.
Your spell library was empty.

Dungeon Overview and Level Annotations

Branches:
Dungeon (4/15)
 Temple: D:4-7

Altars:
Ashenzari
Okawaru

Annotations:
D:4 Robin


Innate Abilities, Weirdness & Mutations

You have a pair of horns on your head.
You regenerate a little health from kills.
You are clumsy. (Dex -2)
Armour fits poorly on your strangely shaped body.
You are dopey. (Int -2)


Message History

You feel sick. The goblin barely misses you. The hobgoblin closely misses you.
Robin hits you from afar with a +2 spear of venom.
You are more poisoned.
The hobgoblin hits you but does no damage.
The goblin hits you.
You feel very sick.
Robin hits you from afar with a +2 spear of venom.
The hobgoblin hits you but does no damage.
The hobgoblin hits you with a +0 club.
* * * LOW HITPOINT WARNING * * *
The goblin hits you.
* * * LOW HITPOINT WARNING * * *
There is a stone staircase leading up, spattered with blood here.
You see here a goblin corpse.
* * * LOW HITPOINT WARNING * * *
You feel very sick. Robin hits you but does no damage.
You are more poisoned.
The hobgoblin hits you with a +0 club.
You die...

#................(...
#g.g.))............#
##.gg..............# §
.g.g...)...........### §§
...##.#..............#.§§
[<######.....(...........
..............(.g....##..
...#...........)gg.......
...# .#####.....@.....##.
.... # #.....g......#
..... ....##...####.##
.#... ###. ##.## ..# .
..## # ### ##


You could see Robin, 2 hobgoblins and a goblin.

Vanquished Creatures
  A scorpion (D:2)
  Crazy Yiuf (D:2)
  3 adders
  A river rat (D:2)
  3 worms
  2 dart slugs (D:3)
  3 leopard geckos (D:1)
  2 orcs (D:3)
  9 bats
  2 giant cockroaches
  13 goblins
  14 hobgoblins
  7 jackals
  9 kobolds
  2 quokkas (D:2)
  A ball python (D:1)
  3 frilled lizards
  9 rats
  A fungus (D:2)
86 creatures vanquished.

Vanquished Creatures (collateral kills)
  A scorpion (D:2)
1 creature vanquished.

Grand Total: 87 creatures vanquished

Notes
Turn   | Place    | Note
-------+----------+-------------------------------------------
     0 | D:1      | FishyPogo the Demonspawn Chaos Knight began the quest for
                  | the Orb.
     0 | D:1      | Reached XP level 1. HP: 18/18 MP: 1/1
   123 | D:1      | Gained mutation: You regenerate a little health from kills.
                  | [demonic ancestry]
   123 | D:1      | Reached XP level 2. HP: 14/24 MP: 2/2
   230 | D:1      | Found a shattered altar of Ashenzari.
   332 | D:1      | Reached skill level 1 in Dodging
   397 | D:1      | XOM: cloud trail
   400 | D:1      | You fall into a shaft and drop 1 floor!
   405 | D:2      | XOM: noise
   405 | D:2      | Noticed a scorpion
   409 | D:2      | Reached XP level 3. HP: 27/30 MP: 3/3
   416 | D:2      | Killed a scorpion
   416 | D:2      | Gained mutation: You have a pair of small horns on your
                  | head. [demonic ancestry]
   416 | D:2      | Reached XP level 4. HP: 26/37 MP: 4/4
   528 | D:2      | Found an iron altar of Okawaru.
   781 | D:1      | XOM: harmless Pois miscast
   905 | D:2      | XOM: smoke on damage
  1208 | D:2      | Gained mutation: You have a pair of horns on your head.
                  | [demonic ancestry]
  1208 | D:2      | Reached XP level 5. HP: 40/42 MP: 5/5
  1299 | D:2      | XOM: cast spell 'Summon Mana Viper'
  1621 | D:2      | Found a runed translucent door.
  1622 | D:2      | Noticed Crazy Yiuf
  1630 | D:2      | Killed Crazy Yiuf
  1979 | D:3      | XOM: give mutations
  1979 | D:3      | Gained mutation: You are clumsy. (Dex -2) [Xom's mischief]
  1979 | D:3      | Gained mutation: You are dopey. (Int -2) [Xom's mischief]
  1979 | D:3      | Gained mutation: You are very dopey. (Int -4) [Xom's
                  | mischief]
  2216 | D:3      | XOM: divination: detect items
  2240 | D:3      | XOM: mild Hex miscast
  2403 | D:3      | XOM: give mutations
  2403 | D:3      | Gained mutation: Armour fits poorly on your strangely
                  | shaped body. [Xom's mischief]
  2403 | D:3      | Lost mutation: You are very dopey. (Int -4) [Xom's
                  | mischief]
  2492 | D:4      | Noticed Robin
  2796 | D:3      | XOM: stat loss: -1 Dex (10/11)
  2905 | D:4      | HP: 1/43 [poisoned by Robin]
  2905 | D:4      | Slain by a hobgoblin

Levels and vault maps discovered:
D:1:      minmay_arrival_shoal_huts, layout_basic, nicolae_ashenzari_panopticon
D:2:      layout_basic, okawaru_trees_2, first_ration, uniq_crazy_yiuf_cottage
D:3:      wander_river, layout_loops_ring, dk_vineyard_1, wad_rectangle_vault
D:4:      layout_cave_pools, grunt_temple_overflow_forces_of_nature,
          lightli_temple_of_fire, serial_shops, kennysheep_little_box,
          nicolae_tso_carved_into_rock, uniq_robin

Skill      XL: |  1  2  3  4 |
---------------+-------------+-----
Axes           | 3 4 |  4.3
Dodging        | 1 |  1.8
Armour         | 2 |  2.3
Fighting       | 4 |  4.4
Maces & Flails | |  0.4
Stealth        | |  0.9

Action                   |  1- 3 |  4- 6 || total
-------------------------+-------+-------++-------
Melee: Hand axe          |    65 |    94 ||   159
       Headbutt          |       |    33 ||    33
       Mace              |       |    94 ||    94
Throw: Stone             |     2 |    16 ||    18
  Use: Scroll            |     1 |     3 ||     4
 Stab: Distracted        |       |     1 ||     1
  Eat: Chunk             |       |     6 ||     6
Armor: Leather armour    |    20 |   139 ||   159
Dodge: Dodged            |    36 |    80 ||   116
